AoeStats
← maxpower5208

Four Lakes

510115304Analyzed
1v1 RM · 2d ago on Sep 29, 2026· 22m 43s· 2 players
Game mode
Random Map
Map size
Tiny (2 player)
Population
200
Speed
Normal
Resources
Standard
Victory
Conquest
Starting age
Dark Age
Ending age
Imperial Age
RankedLock teamsTeams togetherTeam positionsShared explorationLock speedFull tech treeHidden civsTurbo modeCheats
Victory
Defeat
🇪🇸 Dravidians · Spain
821
+18
🇦🇷 Lithuanians · Argentina
861
-49
pistoteruel
11:06 Feudal Age
13:23 Fishing Lines
13:41 Double-Bit Axe
15:37 Fletching
15:48 Padded Archer Armor
21:12 Castle Age
21:59 Bodkin Arrow
22:32 Thumb Ring
21:48 Crossbowman
22:45 Leather Archer Armor
maxpower5208
10:17 Feudal Age
10:46 Double-Bit Axe
14:55 Man-at-Arms
15:30 Gold Mining
15:49 Town Watch
16:03 Horse Collar
18:58 Wheelbarrow
23:47 Castle Age
Connection lost

Rejoining the realm…

Still unreachable

The connection could not be restored.

Session expired

The server has moved on; the page needs a fresh start.